[Event "fics rated crazyhouse match"]
[Site "fics, Oklahoma City, OK USA"]
[Date "2001.01.19"]
[White "LINDEGREN"]
[WhiteElo "2287"]
[Black "venomous"]
[BlackElo "2452"]
[TimeControl "60+0"]
[Result "0-1"]

1. e4 Nf6 2. Nc3 d5 3. exd5 Nxd5 4. d4 Nc6 5. Nf3 e6 6. Bb5 
Bd7 7. Nxd5 exd5 8. Bxc6 bxc6 9. Qe2+ Qe7 10. Ne5 N@h4 11. f3 P@f6 
12. P@g3 fxe5 13. gxh4 exd4 14. Qxe7+ Bxe7 15. Q@e2 P@e3 16. O-O Bxh4 17. N@h5 
P@f2+ 18. Kh1 B@f6 19. Nxf6+ Bxf6 20. N@g4 N@f5 21. Bxe3 N@g3+ 22. hxg3 Nxg3+ 
23. Kh2 Nxe2 24. Nxf6+ gxf6 25. B@h4 Q@h5 26. P@g3 Qxh4# 
{LINDEGREN resigns} 0-1

[Event "fics rated crazyhouse match"]
[Site "fics, Oklahoma City, OK USA"]
[Date "2001.01.19"]
[White "venomous"]
[WhiteElo "2456"]
[Black "LINDEGREN"]
[BlackElo "2283"]
[TimeControl "60+0"]
[Result "0-1"]

1. e4 Nf6 2. Nc3 Nc6 3. Nf3 e5 4. Be2 Bc5 5. d3 d6 6. O-O 
Bg4 7. Bg5 Bxf3 8. Bxf3 Nd4 9. Nd5 Nxd5 10. Bxd8 Rxd8 11. exd5 N@g5 
12. B@g4 O-O 13. N@f5 Nxf5 14. Bxf5 N@h4 15. B3g4 Nxg2 16. Q@h5 B@h6 17. N@e7+ 
Kh8 18. Bxh7 Nf4 19. P@f6 Nxh5 20. Bxh5 N@h3+ 21. Kh1 P@g2+ 22. Kxg2 Nf4+ 
23. Kg3 Q@h3# 
{venomous checkmated} 0-1

[Event "fics rated crazyhouse match"]
[Site "fics, Oklahoma City, OK USA"]
[Date "2001.01.19"]
[White "LINDEGREN"]
[WhiteElo "2295"]
[Black "venomous"]
[BlackElo "2444"]
[TimeControl "60+0"]
[Result "1-0"]

1. e4 Nf6 2. Nc3 d5 3. e5 Ne4 4. d4 Nc6 5. a3 Bf5 6. Be2 
e6 7. Be3 Nxc3 8. bxc3 N@e4 9. N@b1 Be7 10. Nf3 O-O 11. O-O f6 
12. exf6 Bxf6 13. P@e5 Be7 14. c4 dxc4 15. Bxc4 P@d5 16. Bd3 P@g4 17. Ne1 
Qe8 18. f3 gxf3 19. Rxf3 Bg4 20. P@f6 Bxf3 21. Nxf3 Bxf6 22. exf6 P@f2+ 
23. Bxf2 R@h1+ 24. Kxh1 Nxf2+ 25. Kg1 Nxd1 26. B@g3 P@e4 27. Nbd2 B@e3+ 28. P@f2 
Nxf2 29. Bxf2 Bxf2+ 30. Kh1 Rxf6 31. P@g5 Bxd4 32. gxf6 exf3 33. N@h6+ gxh6 
34. R@g7# 
{venomous resigns} 1-0

[Event "fics rated crazyhouse match"]
[Site "fics, Oklahoma City, OK USA"]
[Date "2001.01.19"]
[White "venomous"]
[WhiteElo "2433"]
[Black "LINDEGREN"]
[BlackElo "2306"]
[TimeControl "60+0"]
[Result "1-0"]

1. e4 Nf6 2. Nc3 Nc6 3. Nf3 d5 4. exd5 Nxd5 5. Bc4 Nxc3 6. bxc3 
e6 7. d4 Be7 8. O-O P@f5 9. Re1 N@e4 10. Bd2 Bd7 11. P@d3 Nxd2 
12. Qxd2 O-O 13. N@h5 B@h6 14. Qxh6 gxh6 15. B@g7 Q@g6 16. N@f4 Qg4 17. h3 
Qxf4 18. Nxf4 N@g6 19. Bxh6 Bf6 20. P@g7 Bxg7 21. Bxg7 P@g5 22. Nh5 g4 
23. Ne5 Ncxe5 24. dxe5 gxh3 25. N@h6# 
{LINDEGREN checkmated} 1-0

[Event "fics rated crazyhouse match"]
[Site "fics, Oklahoma City, OK USA"]
[Date "2001.01.19"]
[White "LINDEGREN"]
[WhiteElo "2301"]
[Black "venomous"]
[BlackElo "2438"]
[TimeControl "60+0"]
[Result "0-1"]

1. e4 Nf6 2. Nc3 d5 3. e5 Ne4 4. d4 Nc6 5. Be2 Bf5 6. Nxe4 
Bxe4 7. f3 Bg6 8. Be3 e6 9. Bf2 N@f5 10. Nh3 Be7 11. O-O O-O 
12. c3 f6 13. exf6 Bxf6 14. P@e4 dxe4 15. fxe4 Nd6 16. e5 Nxe5 17. dxe5 
Bxe5 18. N@g4 Bxh2+ 19. Kxh2 P@c2 20. Qd4 Rxf2 21. N@h6+ Kh8 22. Rxf2 P@g3+ 
23. Kxg3 B@h4+ 24. Kh2 P@g3+ 25. Kh1 gxf2 26. Nhxf2 Bxf2 27. Nxf2 N@g3+ 28. Kh2 
Nxe2 29. Qe3 P@g3+ 30. Kh1 gxf2 31. Qxe2 N@g3+ 32. Kh2 Nxe2 33. N@f7+ Nxf7 
34. Nxf7+ Bxf7 
{LINDEGREN resigns} 0-1

[Event "fics rated crazyhouse match"]
[Site "fics, Oklahoma City, OK USA"]
[Date "2001.01.19"]
[White "venomous"]
[WhiteElo "2443"]
[Black "LINDEGREN"]
[BlackElo "2296"]
[TimeControl "60+0"]
[Result "1-0"]

1. e4 Nf6 2. Nc3 Nc6 3. Nf3 e5 4. Be2 Bc5 5. O-O d6 6. d3 
Bg4 7. Bg5 Bxf3 8. Bxf3 Nd4 9. Nd5 Nxd5 10. Bxd8 Rxd8 11. exd5 N@g5 
12. Bg4 O-O 13. N@h5 N@f4 14. Nxf4 exf4 15. N@h5 B@g3 16. B@f6 Bxh2+ 17. Kh1 
N@f5 18. Bxg5 f3 19. Bxf3 Nxf3 20. Qxf3 B@g6 21. P@h6 Bxh5 22. hxg7 Nxg7 
23. N@h6+ Kh8 24. P@f6 Ne8 25. Qxh5 Be5 26. Q@g8# 
{LINDEGREN resigns} 1-0

[Event "fics rated crazyhouse match"]
[Site "fics, Oklahoma City, OK USA"]
[Date "2001.01.19"]
[White "LINDEGREN"]
[WhiteElo "2291"]
[Black "venomous"]
[BlackElo "2448"]
[TimeControl "60+0"]
[Result "0-1"]

1. e4 Nf6 2. Nc3 d5 3. e5 Ne4 4. d4 Nc6 5. Be2 Bf5 6. Nxe4 
dxe4 7. Be3 e6 8. N@g3 Bg6 9. Nh3 Bb4+ 10. c3 Be7 11. O-O N@d3 
12. Bxd3 exd3 13. N@h5 Rg8 14. Nxg7+ Rxg7 15. P@f6 Bxf6 16. exf6 Qxf6 17. Bg5 
Qxg5 18. Nxg5 B@f6 19. N5e4 Bxe4 20. Nxe4 N@e2+ 21. Qxe2 B@e7 22. Nxf6+ Bxf6 
23. B@d7+ Kf8 24. Q@h8+ N@g8 25. B@h6 dxe2 26. Bxg7+ Ke7 27. Bxf6+ Nxf6 28. B@c5+ 
P@d6 29. Qxa8 N@h3+ 30. gxh3 exf1=Q+ 31. Rxf1 R@h1+ 32. Kxh1 P@g2+ 33. Kxg2 B@f3+ 
34. Kxf3 Q@e4+ 35. Kg3 Nh5# 
{LINDEGREN checkmated} 0-1

[Event "fics rated crazyhouse match"]
[Site "fics, Oklahoma City, OK USA"]
[Date "2001.01.19"]
[White "venomous"]
[WhiteElo "2453"]
[Black "LINDEGREN"]
[BlackElo "2286"]
[TimeControl "60+0"]
[Result "1-0"]

1. e4 Nf6 2. Nc3 Nc6 3. Nf3 d5 4. exd5 Nxd5 5. Bc4 e6 6. d4 
Bb4 7. Bd2 Qe7 8. O-O Bxc3 9. bxc3 Nb6 10. Bb5 Bd7 11. Re1 a6 
12. Bf1 f5 13. B@c5 P@d6 14. Bxb6 cxb6 15. N@c7+ Kf7 16. Nxa8 Rxa8 17. Ng5+ 
Kg8 18. P@f7+ Kh8 19. R@g8+ Rxg8 20. fxg8=Q+ Kxg8 21. Bxa6 P@f7 22. Bxb7 R@g4 
23. R@g3 Rxg3 24. hxg3 R@g4 25. d5 Ne5 26. dxe6 Rxg5 27. Bxg5 Qxg5 28. Rxe5 
dxe5 29. exf7+ Kxf7 30. Qxd7+ R@e7 31. B@e8+ Kf8 32. R@h8+ B@g8 33. R@f7# 
{LINDEGREN resigns} 1-0

[Event "fics rated crazyhouse match"]
[Site "fics, Oklahoma City, OK USA"]
[Date "2001.01.19"]
[White "LINDEGREN"]
[WhiteElo "2282"]
[Black "venomous"]
[BlackElo "2457"]
[TimeControl "60+0"]
[Result "0-1"]

1. e4 Nf6 2. Nc3 d5 3. exd5 Nxd5 4. d4 Nc6 5. Bb5 e6 6. Nf3 
Bd7 7. Nxd5 exd5 8. Qe2+ Qe7 9. P@e5 P@e4 10. Bxc6 bxc6 11. Ng5 B@b5 
12. Qh5 N@b4 13. N@a3 Be6 14. Bd2 Nxc2+ 15. Nxc2 P@g6 16. Qd1 h6 17. Nxe6 
fxe6 18. B@g4 N@d3+ 19. Kf1 Nxb2+ 20. Kg1 Nxd1 21. Rxd1 P@e2 22. Bxe2 Bxe2 
23. Re1 B@f3 24. N@c5 Bxg2 25. P@d7+ Kf7 26. h3 Bxh1 27. Kxh1 Bf3+ 28. B@g2 
Bxg2# 
{LINDEGREN resigns} 0-1

[Event "fics rated crazyhouse match"]
[Site "fics, Oklahoma City, OK USA"]
[Date "2001.01.19"]
[White "venomous"]
[WhiteElo "2461"]
[Black "LINDEGREN"]
[BlackElo "2278"]
[TimeControl "60+0"]
[Result "1-0"]

1. e4 Nf6 2. Nc3 e5 3. Nf3 Nc6 4. Be2 Bc5 5. O-O d6 6. d3 
Bg4 7. Bg5 h6 8. Bh4 Bxf3 9. Bxf3 N@g5 10. Nd5 Nxd5 11. exd5 Nd4 
12. Bg4 O-O 13. Bxg5 Qxg5 14. N@h3 Qe7 15. B@e3 B@g6 16. Bxd4 Bxd4 17. N@f3 
Bb6 18. N@h4 N@f4 19. Nxf4 exf4 20. Nxg6 fxg6 21. B@e6+ Kh7 22. N@h3 B@g3 
23. hxg3 fxg3 24. B@e4 gxf2+ 25. Kh2 P@h4 26. Bxg6+ Kh8 27. Be4 N@g3 28. P@f7 
Nxf1+ 29. Qxf1 P@h7 30. Bxh7 R@f6 31. Bhf5 R8xf7 32. Bxf7 N@g3 33. R@h7# 
{LINDEGREN checkmated} 1-0

[Event "fics rated crazyhouse match"]
[Site "fics, Oklahoma City, OK USA"]
[Date "2001.01.19"]
[White "LINDEGREN"]
[WhiteElo "2274"]
[Black "venomous"]
[BlackElo "2465"]
[TimeControl "60+0"]
[Result "1-0"]

1. e4 Nf6 2. Nc3 d5 3. exd5 Nxd5 4. d4 Nc6 5. Nf3 e6 6. Bd3 
Bd7 7. O-O Nxc3 8. bxc3 Be7 9. Bd2 P@g6 10. P@h6 Bf6 11. N@g4 Qe7 
12. Nxf6+ gxf6 13. B@g7 Rg8 14. Bxf6 Qxf6 15. Bg5 Qh8 16. Ne5 Nxe5 17. dxe5 
N@d5 18. N@f6+ Nxf6 19. Bxf6 Qxf6 20. exf6 B@d6 21. P@e7 Bxe7 22. fxe7 B@d6 
23. B@g5 Bxe7 24. Bxe7 N@d5 25. Bh4 g5 26. Bxh7 gxh4 27. Bxg8 O-O-O 28. R@a8+ 
N@b8 29. Qxd5 B@d6 30. Qxb7+ Kxb7 31. N@a5+ Ka6 32. Q@b7+ Kxa5 33. P@b4+ Ka4 
34. B@b3+ Ka3 35. N@c4# 
{venomous checkmated} 1-0

[Event "fics rated crazyhouse match"]
[Site "fics, Oklahoma City, OK USA"]
[Date "2001.01.19"]
[White "venomous"]
[WhiteElo "2453"]
[Black "LINDEGREN"]
[BlackElo "2286"]
[TimeControl "60+0"]
[Result "1-0"]

1. e4 Nf6 2. Nc3 e5 3. Nf3 Nc6 4. Be2 Bc5 5. O-O d6 6. d3 
O-O 7. Bg5 Bg4 8. Nd5 Nxd5 9. exd5 Nd4 10. Bxd8 Raxd8 11. Nxd4 Bxd4 
12. Bxg4 N@f4 13. N@h6+ gxh6 14. N@e7+ Kh8 15. B@f6+ B@g7 16. Bxg7+ Kxg7 17. Nf5# 
{LINDEGREN resigns} 1-0

[Event "fics rated crazyhouse match"]
[Site "fics, Oklahoma City, OK USA"]
[Date "2001.01.19"]
[White "LINDEGREN"]
[WhiteElo "2282"]
[Black "venomous"]
[BlackElo "2457"]
[TimeControl "60+0"]
[Result "1-0"]

1. e4 Nf6 2. Nc3 d5 3. e5 Ne4 4. d4 Nc6 5. Be3 Bf5 6. Nxe4 
dxe4 7. N@g3 Bg6 8. Nh3 e6 9. Bb5 Bb4+ 10. c3 Be7 11. O-O O-O 
12. Bxc6 bxc6 13. f3 exf3 14. Rxf3 B@g4 15. P@h6 gxh6 16. Bxh6 N@h4 17. P@f6 
Bxf3 18. gxf3 R@g2+ 19. Kh1 Rxb2 20. fxe7 Qxe7 21. N@f6+ Qxf6 22. exf6 P@g2+ 
23. Kg1 P@f2+ 24. Nxf2 N@h5 25. B@g7 Nxg7 26. fxg7 
{venomous forfeits on time} 1-0

[Event "fics rated crazyhouse match"]
[Site "fics, Oklahoma City, OK USA"]
[Date "2001.01.19"]
[White "venomous"]
[WhiteElo "2445"]
[Black "LINDEGREN"]
[BlackElo "2294"]
[TimeControl "60+0"]
[Result "1-0"]

1. e4 Nf6 2. Nc3 Nc6 3. Nf3 e5 4. Be2 Bc5 5. d3 d6 6. O-O 
O-O 7. Bg5 h6 8. Bh4 Be6 9. Nd5 Bxd5 10. exd5 Nd4 11. Nxd4 Bxd4 
12. N@h5 N@g5 13. Nxf6+ Qxf6 14. N@h5 Qg6 15. Bxg5 Qxg5 16. N@h3 Qe7 17. c3 
Bb6 18. d4 B@g6 19. dxe5 Bxh5 20. Bxh5 dxe5 21. P@e6 fxe6 22. dxe6 N@g5 
23. P@f7+ Kh8 24. Nxg5 Qxg5 25. N@g6+ Kh7 26. B@g8+ Rxg8 27. fxg8=Q+ Rxg8 28. Qg4 
N@h3+ 29. Qxh3 B@f5 30. B@g4 Bxg4 31. Qxg4 N@f3+ 32. Qxf3 N@h4 33. N@f8# 
{LINDEGREN resigns} 1-0

[Event "fics rated crazyhouse match"]
[Site "fics, Oklahoma City, OK USA"]
[Date "2001.01.19"]
[White "LINDEGREN"]
[WhiteElo "2289"]
[Black "venomous"]
[BlackElo "2450"]
[TimeControl "60+0"]
[Result "0-1"]

1. e4 Nf6 2. f3 d5 3. e5 Nfd7 4. d4 c5 5. c3 cxd4 6. cxd4 
Nc6 7. Nc3 e6 8. f4 Bb4 9. Nf3 Bxc3+ 10. bxc3 N@e4 11. Bd2 P@f2+ 
12. Ke2 b6 13. P@d3 Ba6 14. B@c2 f6 15. exf6 Ndxf6 16. P@c4 O-O 17. dxe4 
Bxc4+ 18. Kxf2 dxe4 19. Ng5 Bxf1 20. Rxf1 B@h4+ 21. P@g3 Bxg5 22. Kg1 P@f3 
23. fxg5 fxg2 24. gxf6 gxf1=Q+ 25. Qxf1 Rxf6 26. P@f4 N@f3+ 27. Kh1 Nxd2 28. B@g5 
Nxf1 29. Rxf1 B@f3# 
{LINDEGREN resigns} 0-1

[Event "fics rated crazyhouse match"]
[Site "fics, Oklahoma City, OK USA"]
[Date "2001.01.19"]
[White "venomous"]
[WhiteElo "2455"]
[Black "LINDEGREN"]
[BlackElo "2284"]
[TimeControl "60+0"]
[Result "1-0"]

1. e4 e6 2. Nc3 b6 3. Nf3 Bb7 4. d4 Nf6 5. Bd3 Bb4 6. Bg5 
h6 7. Bh4 d6 8. O-O Nbd7 9. a3 Bxc3 10. bxc3 N@g6 11. Bxf6 Nxf6 
12. Re1 B@g4 13. B@f1 Bxf3 14. Qxf3 N@g5 15. Qe3 Nfxe4 16. Bxe4 Bxe4 17. N@h5 
O-O 18. Qxe4 Nxe4 19. Rxe4 B@d5 20. B@f3 Bxe4 21. Bxe4 R@g4 22. B@f3 Rxe4 
23. Bxe4 P@f5 24. Bxa8 Qxa8 25. N@f6+ gxf6 26. Nxf6+ Kg7 27. N@h5# 
{LINDEGREN resigns} 1-0

[Event "fics rated crazyhouse match"]
[Site "fics, Oklahoma City, OK USA"]
[Date "2001.01.19"]
[White "LINDEGREN"]
[WhiteElo "2280"]
[Black "venomous"]
[BlackElo "2459"]
[TimeControl "60+0"]
[Result "0-1"]

1. e4 Nf6 2. e5 Nd5 3. f3 e6 4. d4 d6 5. exd6 cxd6 6. Nh3 
Nc6 7. P@e3 Be7 8. Nf2 e5 9. Bd3 exd4 10. exd4 P@e3 11. O-O exf2+ 
12. Rxf2 P@e3 13. Re2 Nxd4 14. Rxe3 Nxe3 15. Bxe3 N@f5 16. P@f2 P@e6 17. Nc3 
O-O 18. Bxf5 Nxf5 19. P@g4 Nxe3 20. fxe3 B@f6 21. Qe2 Bxc3 22. bxc3 B@e5 
23. B@d4 Bxd4 24. cxd4 B@c3 25. Rd1 N@b2 26. Rf1 R@d2 27. Qe1 Rxc2 28. Qg3 
P@e2 29. Rb1 Nd3 30. N@h5 e1=Q+ 31. Rxe1 Bxe1 32. Qh3 B1h4 33. B@g3 Bxg3 
34. hxg3 B@f2+ 35. Kh2 Bxe3 36. Nxg7 R@h1+ 37. Kxh1 Nf2+ 38. Kh2 Nxh3 39. Kxh3 
Q@h1+ 40. R@h2 Qxh2+ 41. Kxh2 R@h6+ 42. Nh5 P@g7 43. P@g5 Rxh5+ 44. gxh5 N@f1+ 
45. Kh3 Rxg2 
{LINDEGREN forfeits on time} 0-1

[Event "fics rated crazyhouse match"]
[Site "fics, Oklahoma City, OK USA"]
[Date "2001.01.19"]
[White "venomous"]
[WhiteElo "2463"]
[Black "LINDEGREN"]
[BlackElo "2276"]
[TimeControl "60+0"]
[Result "0-1"]

1. e4 Nf6 2. Nc3 d5 3. exd5 Nxd5 4. Bc4 e6 5. Nf3 Bb4 6. d4 
Nxc3 7. bxc3 Bxc3+ 8. P@d2 Bxa1 9. O-O R@g6 10. N@g3 P@g4 11. Ne5 P@h3 
12. gxh3 gxh3 13. Ba3 Bxd4 14. Nxg6 hxg6 15. P@e7 Qxe7 16. Bxe7 Nc6 17. Bg5 
P@f6 18. Bf4 P@g2 19. Re1 N@h4 20. Be2 Bxf2+ 21. Kxf2 N@h1+ 22. Nxh1 gxh1=Q 
23. Rxh1 P@g2 24. Rg1 N@h1+ 25. Ke3 P@d4+ 26. Kd3 e5 27. Bg3 Nxg3 28. hxg3 
B@b5+ 29. c4 Bf5+ 30. P@e4 Bxe4+ 31. Kxe4 f5+ 32. Kd3 Nb4# 
{venomous checkmated} 0-1

[Event "fics rated crazyhouse match"]
[Site "fics, Oklahoma City, OK USA"]
[Date "2001.01.19"]
[White "LINDEGREN"]
[WhiteElo "2288"]
[Black "venomous"]
[BlackElo "2451"]
[TimeControl "60+0"]
[Result "0-1"]

1. e4 Nf6 2. Nc3 d5 3. exd5 Nxd5 4. d4 Nc6 5. Nf3 e6 6. Nxd5 
exd5 7. Bb5 Qe7+ 8. Ne5 Bd7 9. Bxc6 bxc6 10. Qe2 N@h4 11. f3 P@f6 
12. c3 fxe5 13. dxe5 B@b5 14. P@d3 Nxg2+ 15. Qxg2 Qxe5+ 16. P@e3 N@h4 17. Qe2 
P@g2 18. Rg1 Bxd3 19. Qxd3 Nxf3+ 20. Kf2 Nxg1 21. Kxg1 P@f3 22. N@g3 R@e1+ 
23. B@f1 gxf1=Q+ 24. Qxf1 Rxf1# 
{LINDEGREN resigns} 0-1

[Event "fics rated crazyhouse match"]
[Site "fics, Oklahoma City, OK USA"]
[Date "2001.01.19"]
[White "venomous"]
[WhiteElo "2456"]
[Black "LINDEGREN"]
[BlackElo "2283"]
[TimeControl "60+0"]
[Result "1-0"]

1. e4 Nf6 2. Nc3 Nc6 3. Nf3 d5 4. exd5 Nxd5 5. Bc4 e6 6. d4 
Bb4 7. Bd2 P@a3 8. Bxd5 exd5 9. bxa3 Bxc3 10. Bxc3 Qe7+ 11. P@e5 N@e4 
12. P@d2 Nxc3 13. dxc3 B@b2 14. B@c5 B@d6 15. Bxd6 cxd6 16. B@d2 dxe5 17. dxe5 
Bxa1 18. N@d6+ Kf8 19. P@f6 gxf6 20. Bh6+ Kg8 21. N@f5 Bxf5 22. Nxf5 Qd7 
23. B@g4 R@e4+ 24. Ne3 B@e6 25. Bxe6 fxe6 26. exf6 Bxc3+ 27. P@d2 N@f4 28. Bxf4 
Rxf4 29. N@h6+ Kf8 30. B@g7+ Ke8 31. Bxh8 B@f8 32. f7+ Ke7 33. Bxc3 d4 
34. B@g5+ P@f6 35. Bxf4 dxe3 36. dxe3 Qxd1+ 37. Kxd1 Rd8+ 38. P@d4 N@d5 39. R@e8+ 
Kd7 40. Rxd8+ Nxd8 41. Q@d2 Nxc3+ 42. Qxc3 R@b1+ 43. N@c1 Rxc1+ 44. Kxc1 N@e2+ 
45. Kb2 Nxc3 46. R@c7# 
{LINDEGREN checkmated} 1-0

[Event "fics rated crazyhouse match"]
[Site "fics, Oklahoma City, OK USA"]
[Date "2001.01.19"]
[White "LINDEGREN"]
[WhiteElo "2279"]
[Black "venomous"]
[BlackElo "2460"]
[TimeControl "60+0"]
[Result "0-1"]

1. e4 Nf6 2. e5 Nd5 3. Nf3 e6 4. Bc4 Nc6 5. Bxd5 exd5 6. d4 
B@h5 7. h3 Bxf3 8. Qxf3 Nxd4 9. Qd3 N@b4 10. O-O Nxd3 11. cxd3 P@f3 
12. B@h1 Ne2+ 13. Kh2 d6 14. gxf3 Nxc1 15. Rxc1 B@f4+ 16. P@g3 Bxc1 17. Nc3 
Bxb2 
{LINDEGREN resigns} 0-1

[Event "fics rated crazyhouse match"]
[Site "fics, Oklahoma City, OK USA"]
[Date "2000.01.20"]
[White "Tecumseh"]
[WhiteElo "2246"]
[Black "valdushka"]
[BlackElo "2213"]
[TimeControl "120+0"]
[Result "1-0"]

1. e4 Nf6 2. e5 Nd5 3. Nc3 Nxc3 4. dxc3 d6 5. Nf3 e6 6. Bf4 
Nc6 7. Be2 Be7 8. O-O dxe5 9. Nxe5 Nxe5 10. Bxe5 P@f6 11. Qxd8+ Bxd8 
12. P@e7 Bxe7 13. Bxc7 O-O 14. N@h5 Q@g6 15. N@f4 Qg5 16. Q@g3 P@g6 17. Nxg7 
N@f5 18. Nxf5 exf5 19. P@h4 Qxg3 20. fxg3 N@e8 21. P@h6 N@e6 22. Nxe6 Bxe6 
23. N@d6 Nxc7 24. Q@g7# 
{valdushka checkmated} 1-0

[Event "fics rated crazyhouse match"]
[Site "fics, Oklahoma City, OK USA"]
[Date "2000.01.20"]
[White "valdushka"]
[WhiteElo "2206"]
[Black "Tecumseh"]
[BlackElo "2253"]
[TimeControl "120+0"]
[Result "1-0"]

1. e4 Nc6 2. d4 d5 3. exd5 Qxd5 4. Nf3 Bg4 5. Be2 Rd8 6. Be3 
e5 7. Nc3 Bb4 8. P@d2 Bxc3 9. bxc3 e4 10. B@c4 Qh5 11. Ng5 Bxe2 
12. Bxe2 P@f3 13. Nxf3 exf3 14. Bxf3 Qf5 15. B@g4 Qa5 16. P@d7+ Kf8 17. Bxc6 
N@h4 18. P@g3 bxc6 19. N@b7 Nxg2+ 20. Kf1 Nxe3+ 21. dxe3 Qd5 22. Bf3 B@h3+ 
23. N@g2 B@a6+ 24. Kg1 N@e2+ 25. Qxe2 Bxe2 26. Bxd5 Bxg2 27. Q@e8+ Rxe8 28. dxe8=Q+ 
Kxe8 29. Bxc6+ Ke7 30. R@e8+ Kf6 31. P@e5+ Kg6 32. Bxg2 N@f3+ 33. Bxf3 Bxf3 
34. N@h4+ Kh6 35. Nxf3 P@g2 36. B@g5+ Kh5 37. N@f4+ Kg4 38. B@h3+ Kxf3 39. Bxg2+ 
Kg4 40. P@f3+ Kf5 41. e4+ Kxg5 42. h4+ Kh6 43. Kh2 N@g4+ 44. fxg4 
{Tecumseh forfeits on time} 1-0

[Event "fics rated crazyhouse match"]
[Site "fics, Oklahoma City, OK USA"]
[Date "2000.01.20"]
[White "Tecumseh"]
[WhiteElo "2244"]
[Black "valdushka"]
[BlackElo "2215"]
[TimeControl "120+0"]
[Result "1-0"]

1. f4 d5 2. e3 Nc6 3. Nc3 Nf6 4. Nf3 Ne4 5. Bb5 Nxc3 6. bxc3 
e6 7. O-O Bd6 8. Ne5 Bxe5 9. fxe5 Bd7 10. N@h5 Rg8 11. Bxc6 Bxc6 
12. N@f6+ Ke7 13. Ba3+ B@d6 14. exd6+ cxd6 15. B@h4 g5 16. Nxg8+ Qxg8 17. B@f6+ 
Kd7 18. Bhxg5 N@g6 19. Bg7 P@e7 20. Bxe7 Kxe7 21. R@c7+ B@d7 22. P@e5 N@b5 
23. exd6+ Nxd6 24. P@e5 N@b5 25. exd6+ Nxd6 26. P@e5 Nxe5 27. Bf6+ Ke8 28. N@g7+ 
Kf8 29. Bxd6# 
{valdushka resigns} 1-0

[Event "fics rated crazyhouse match"]
[Site "fics, Oklahoma City, OK USA"]
[Date "2000.01.20"]
[White "valdushka"]
[WhiteElo "2208"]
[Black "Tecumseh"]
[BlackElo "2251"]
[TimeControl "120+0"]
[Result "0-1"]

1. e4 Nc6 2. d4 d5 3. exd5 Qxd5 4. Nf3 Bg4 5. Be2 Rd8 6. Be3 
e5 7. Nc3 Bb4 8. P@d2 Bxc3 9. bxc3 Nf6 10. dxe5 Nxe5 11. Nxe5 Bxe2 
12. Qxe2 Qxe5 13. B@d4 P@d3 14. Qxd3 P@b2 15. Rd1 N@f4 16. B@a4+ B@c6 17. Bxe5 
Nxd3+ 18. cxd3 Bxa4 19. Bxf6 N@c2+ 20. Ke2 B@h5+ 21. P@f3 gxf6 22. N@g7+ Kd7 
23. N@c5+ Kc8 24. Nxa4 B@c6 25. Nxh5 Nxe3 26. dxe3 Bxa4 27. N@e7+ Kb8 28. P@c6 
Q@c2+ 29. Q@d2 B@a6 30. B@e4 Bxd3+ 31. Bxd3 Rxd3 32. Qxc2 Bxc2 33. N@d7+ Ka8 
34. cxb7+ Kxb7 
{valdushka forfeits on time} 0-1

[Event "fics rated crazyhouse match"]
[Site "fics, Oklahoma City, OK USA"]
[Date "2000.01.20"]
[White "Tecumseh"]
[WhiteElo "2258"]
[Black "valdushka"]
[BlackElo "2201"]
[TimeControl "120+0"]
[Result "1-0"]

1. e4 Nf6 2. e5 Nd5 3. Nc3 e6 4. Nf3 d6 5. Bc4 Nxc3 6. dxc3 
Nc6 7. O-O Bd7 8. Bf4 dxe5 9. Nxe5 Nxe5 10. Bxe5 P@d6 11. Bg3 N@f5 
12. P@d5 exd5 13. Bxd5 P@e6 14. Bxb7 N@h4 15. P@c6 Nxg2 16. cxd7+ Qxd7 17. Bxg2 
P@d5 18. c4 P@c6 19. cxd5 exd5 20. N@a6 P@b7 21. Re1+ Be7 22. Nxc7+ Qxc7 
23. B@g4 N@h6 24. N@h5 O-O 25. Rxe7 Nxe7 26. P@f6 Nef5 27. fxg7 Nxg7 28. Nxg7 
P@g6 29. P@f6 R@b4 30. N@e7+ Kh8 31. Ne6 Rg8 32. P@g7+ Rxg7 33. fxg7# 
{valdushka checkmated} 1-0

[Event "fics rated crazyhouse match"]
[Site "fics, Oklahoma City, OK USA"]
[Date "2000.01.20"]
[White "valdushka"]
[WhiteElo "2194"]
[Black "Tecumseh"]
[BlackElo "2265"]
[TimeControl "120+0"]
[Result "1-0"]

1. e4 Nc6 2. d4 d5 3. exd5 Qxd5 4. Nf3 Bg4 5. Be2 Rd8 6. Be3 
e5 7. Nc3 Bb4 8. P@d2 Bxc3 9. bxc3 Bxf3 10. Bxf3 e4 11. B@b3 P@c4 
12. Bxc4 Qxc4 13. Bxe4 N@b2 14. Qf3 N@e5 15. dxe5 Nxe5 16. B@e2 Nxf3+ 17. B4xf3 
Qe6 18. N@g5 Qe7 19. P@e6 B@g6 20. exf7+ Bxf7 21. Nxf7 Qxf7 22. N@g5 P@d3 
23. Nxf7 dxe2 24. Bxe2 Kxf7 25. B@c4+ P@e6 26. Bxe6+ Kxe6 27. P@f5+ Kxf5 28. g4+ 
Ke6 29. P@f5+ Ke7 30. Bc5+ P@d6 31. Q@e6+ Kf8 32. Bd4 N@g2+ 33. Kf1 B@f7 
34. Bxg7+ Kxg7 35. P@h6+ Nxh6 36. P@f6+ Kf8 37. P@e7+ Kg8 38. exd8=Q+ B@e8 39. R@g7+ 
Kf8 40. Qee7# 
{Tecumseh checkmated} 1-0

[Event "fics rated crazyhouse match"]
[Site "fics, Oklahoma City, OK USA"]
[Date "2000.01.20"]
[White "Tecumseh"]
[WhiteElo "2255"]
[Black "valdushka"]
[BlackElo "2204"]
[TimeControl "120+0"]
[Result "1-0"]

1. e4 e5 2. Nf3 Nc6 3. Bc4 Bc5 4. d4 Nxd4 5. Nxe5 P@e6 6. O-O 
Nf6 7. Bg5 O-O 8. P@h6 gxh6 9. Bxh6 P@g7 10. Bxg7 Kxg7 11. P@g5 B@d6 
12. gxf6+ Qxf6 13. Ng4 Qg6 14. P@h6+ Kh8 15. Bxe6 Nxe6 16. P@f6 B@e5 17. Nxe5 
Bxe5 18. B@g7+ Kg8 19. N@h4 Qxe4 20. Bxf8 Qxh4 21. R@g4+ Qxg4 22. Qxg4+ R@g6 
23. Bg7 Nxg7 24. hxg7 Bxh2+ 25. Kh1 N@g3+ 26. Qxg3 
{valdushka forfeits on time} 1-0

[Event "fics rated crazyhouse match"]
[Site "fics, Oklahoma City, OK USA"]
[Date "2000.01.20"]
[White "Tecumseh"]
[WhiteElo "2255"]
[Black "BEO"]
[BlackElo "2173"]
[TimeControl "180+0"]
[Result "0-1"]

1. e4 e6 2. e5 d5 3. Nf3 Nc6 4. d4 Nge7 5. Nc3 Nf5 6. Bg5 
Be7 7. Bxe7 Qxe7 8. B@c5 Qd8 9. Bd3 Rb8 10. Bxf5 exf5 11. Nb5 B@a6 
12. Nxc7+ Qxc7 13. Bd6 B@a5+ 14. Nd2 Qd7 15. N@c5 Qd8 16. Nxa6 bxa6 17. P@e7 
Nxe7 18. Bxb8 Bxd2+ 19. Qxd2 N@e4 20. R@d6 Nxd6 21. exd6 Nc6 22. N@c7+ Kf8 
23. B@c5 R@e4+ 24. Kf1 Kg8 25. Nxd5 N@c4 26. Ne7+ Nxe7 27. dxe7 Nxd2# 
{Tecumseh resigns} 0-1

[Event "fics rated crazyhouse match"]
[Site "fics, Oklahoma City, OK USA"]
[Date "2000.01.20"]
[White "BEO"]
[WhiteElo "2183"]
[Black "Tecumseh"]
[BlackElo "2245"]
[TimeControl "180+0"]
[Result "0-1"]

1. e4 Nc6 2. Nc3 Nf6 3. Nf3 d5 4. exd5 Nxd5 5. Nxd5 Qxd5 6. Be2 
Bg4 7. d4 Rd8 8. O-O P@h3 9. gxh3 Bxh3 10. N@f4 Bxf1 11. Nxd5 R@h1+ 
12. Kxh1 P@g2+ 13. Kg1 N@h3# 
{BEO checkmated} 0-1

[Event "fics rated crazyhouse match"]
[Site "fics, Oklahoma City, OK USA"]
[Date "2000.01.20"]
[White "Tecumseh"]
[WhiteElo "2252"]
[Black "BEO"]
[BlackElo "2176"]
[TimeControl "180+0"]
[Result "0-1"]

1. e4 e6 2. d4 d5 3. e5 Nc6 4. Nf3 Nge7 5. Nc3 Nf5 6. Bg5 
Be7 7. Bxe7 Qxe7 8. B@c5 Qd8 9. Bd3 Rb8 10. Bxf5 exf5 11. Nb5 B@a6 
12. Nxc7+ Qxc7 13. Bd6 Qd8 14. N@c7+ Kd7 15. P@c5 B@a5+ 16. c3 Bxc7 17. Bxc7 
Qxc7 18. B@d6 Qa5 19. Bxb8 Nxb8 20. e6+ fxe6 21. Ne5+ Ke8 22. Qh5+ P@g6 
23. Nxg6 N@d3+ 24. Kf1 Nf4+ 25. P@e2 Nxh5 26. R@e7+ Kd8 27. Nxh8 Kxe7 28. R@f7+ 
Ke8 29. b4 Qa3 30. Rxg7 Nxg7 31. P@f7+ Kf8 32. Ng6+ Kxf7 33. Nh8+ Kg8 
34. Ng6 hxg6 
{Tecumseh resigns} 0-1